 Dungeon Crawl Stone Soup version 0.28-a0-580-ga2639ab843 (webtiles) character file.

Game seed: 2577193079917944959

65998 timneilson the Thaumaturge (level 14, -2/80 HPs)
             Began as a Deep Elf Conjurer on Oct 2, 2021.
             Was a High Priest of Vehumet.
             Slain by a boulder beetle (52 damage)
             ... on level 14 of the Dungeon.
             The game lasted 01:53:28 (28276 turns).

timneilson the Thaumaturge (Deep Elf Conjurer)     Turns: 28276, Time: 01:53:28

Health: -2/80      AC: 15    Str:  4    XL:     14   Next: 77%
Magic:  3/34       EV: 13    Int: 37    God:    Vehumet [*****.]
Gold:   1428       SH:  5    Dex: 13    Spells: 8/42 levels left

rFire   + . .      SeeInvis .   G - staff of conjuration
rCold   + . .      Faith    .   q - +0 buckler
rNeg    + . .      Spirit   .   S - +0 acid dragon scales
rPois   +          Reflect  .   l - +2 hat
rElec   .          Harm     .   D - scarf {rC+ rF+}
rCorr   +          Rampage  .   g - +0 pair of gloves of Veamyerph {rN+ Int+2}
Will    +....                   C - +2 pair of boots
Stlth   +++.......              V - amulet of magic regeneration
HPRegen 0.23/turn               P - ring of poison resistance
MPRegen 0.49/turn               H - +6 ring of intelligence

@: no status effects
A: iridescent scales 1
a: Renounce Religion


You were on level 14 of the Dungeon.
You worshipped Vehumet.
Vehumet was extremely pleased with you.
You visited 2 branches of the dungeon, and saw 19 of its levels.
You also visited: Ice Cave.

You collected 1428 gold pieces.

Inventory:

Hand Weapons
 s - the +5 war axe "Goblinbane" {vorpal, rF++ rC-}
   (You found it on level 6 of the Dungeon)

   It inflicts extra damage upon your enemies.
   rF:        It greatly protects you from fire.
   rC:        It makes you vulnerable to cold.
Armour
 a - a +0 kite shield
 g - the +0 pair of gloves of Veamyerph (worn) {rN+ Int+2}
   (You found it on level 6 of the Lair of Beasts)

   Int:       It affects your intelligence (+2).
   rN:        It protects you from negative energy.
 j - a +0 robe of willpower
 l - a +2 hat (worn)
 p - a +1 robe of resistance
 q - a +0 buckler (worn)
 t - a +0 cloak
 C - a +2 pair of boots (worn)
 D - a scarf of resistance (worn)
 S - +0 acid dragon scales (worn)
Magical Staves
 k - a staff of poison
 x - a staff of cold
 G - a staff of conjuration (weapon)
Jewellery
 n - an amulet of guardian spirit
 v - a +4 ring of protection
 A - a +6 ring of dexterity
 H - a +6 ring of intelligence (right hand)
 P - a ring of poison resistance (left hand)
 V - an amulet of magic regeneration (around neck)
 X - a ring of wizardry
Wands
 i - a wand of acid (9)
 w - a wand of iceblast (37)
 z - a wand of flame (80)
 B - a wand of paralysis (26)
 E - a wand of charming (21)
 N - a wand of mindburst (32)
 W - a wand of polymorph (10)
Scrolls
 e - a scroll of magic mapping
 f - 2 scrolls of enchant weapon
 h - a scroll of summoning
 r - 7 scrolls of teleportation
 u - 2 scrolls of enchant armour
 y - 2 scrolls of brand weapon
 F - 4 scrolls of amnesia
 K - a scroll of holy word
 Q - 5 scrolls of identify
 U - a scroll of blinking
 Y - a scroll of fear
Potions
 b - 5 potions of attraction
 c - 2 potions of lignification
 d - 3 potions of brilliance
 m - 6 potions of curing
 o - 5 potions of might
 J - 2 potions of flight
 L - 2 potions of mutation
 O - a potion of berserk rage
 R - a potion of haste
 Z - a potion of invisibility
Miscellaneous
 M - a tin of tremorstones (2/2)
 T - a lightning rod (4/4)


   Skills:
 + Level 6.3 Fighting
 + Level 3.4 Armour
 + Level 10.1 Dodging
 + Level 7.6 Stealth
 + Level 5.3 Shields
 * Level 14.9 Spellcasting
 * Level 13.2 Conjurations
 - Level 5.0 Hexes
 - Level 5.0 Translocations
 - Level 5.0 Fire Magic
 - Level 5.0 Ice Magic
 - Level 5.0 Air Magic
 + Level 8.2 Earth Magic
 - Level 5.0 Poison Magic
 + Level 8.3 Evocations


You had 8 spell levels left.
You knew the following spells:

 Your Spells              Type           Power      Damage    Failure   Level
a - Magic Dart            Conj           100%       1d8       0%          1
b - Searing Ray           Conj           100%       2d8       0%          2
c - Fulminant Prism       Conj/Hex       48%        3d21      1%          4
d - Iskenderun's Mystic   Conj/Tloc      97%        2d19      1%          4
e - Stone Arrow           Conj/Erth      100%       3d13      1%          3
f - Freeze                Ice            100%       1d11      1%          1
g - Fireball              Conj/Fire      48%        3d19      1%          5
h - Foxfire               Conj/Fire      100%       2x1d9     1%          1
i - Lee's Rapid Deconstr  Erth           36%        3d19*     1%          5
j - Flame Wave            Conj/Fire      97%        3d16      1%          4
k - Airstrike             Air            29%        N/A       1%          4

Your spell library contained the following spells:

 Spells                   Type           Power      Damage    Failure   Level
 Lightning Bolt           Conj/Air       48%        1d69      1%          5
 Dazzling Flash           Conj/Hex       100%       N/A       1%          3
 Ignite Poison            Fire/Tmut/Pois 51%        N/A       1%          3
 Mephitic Cloud           Conj/Pois/Air  91%        N/A       1%          3
 Portal Projectile        Hex/Tloc       100%       N/A       1%          3
 Leda's Liquefaction      Hex/Erth       33%        N/A       1%          4
 Freezing Cloud           Conj/Ice/Air   45%        6-21      1%          5
 Iskenderun's Battlesphe  Conj           100%       2d15      1%          5
 Conjure Ball Lightning   Conj/Air       48%        3x3d17    3%          6
 Starburst                Conj/Fire      48%        6d13      3%          6
 Orb of Destruction       Conj           56%        9d16      3%          7
 Animate Armour           Summ/Erth      100%       N/A       5%          4
 Call Canine Familiar     Summ           27%        N/A       10%         3
 Summon Ice Beast         Ice/Summ       46%        N/A       11%         4
 Summon Lightning Spire   Summ/Air       46%        N/A       11%         4
 Summon Mana Viper        Hex/Summ       46%        N/A       30%         5
 Lehudib's Crystal Spear  Conj/Erth      51%        10d12     50%         8
 Statue Form              Tmut/Erth      36%        N/A       65%         6
 Ignition                 Fire           29%        3d9       99%         8
 Maxwell's Capacitive Co  Air            29%        ∞         99%         8
 Malign Gateway           Summ/Tloc      23%        N/A       100%        7
 Monstrous Menagerie      Summ           13%        N/A       100%        7
 Storm Form               Tmut/Air       23%        N/A       100%        7
 Summon Horrible Things   Summ           13%        N/A       100%        8


Dungeon Overview and Level Annotations

Branches:
Dungeon (12/15)            Temple (0/1) D:6            Lair (6/6) D:9
  Swamp (0/4) Lair:4       Spider (0/4) Lair:4        Slime (0/5) Lair:5
    Orc (0/2) D:12          IceCv (visited)

Altars:
Cheibriados
Dithmenos
Fedhas
Hepliaklqana
Kikubaaqudgha
Makhleb
Ru
Sif Muna
Uskayaw
Vehumet
Zin

Shops:
D:12 :

Annotations:
D:8 1 runed translucent door, HuGe's ghost, journeyman HOBe
D:10 1 runed translucent door


Innate Abilities, Weirdness & Mutations

You are partially covered in iridescent scales. (AC +2)


Message History

Casting: Stone Arrow (safe; 1% risk of failure)
Confirm with . or Enter, or press ? or * to list all spells.
Aiming: Stone Arrow (safe; 1% risk of failure)
Press: ? - help, Shift-Dir - straight line, f/p - boulder beetle
Aim: a boulder beetle (severely wounded, 100% to hit)
You feel a surge of power!
The stone arrow hits the boulder beetle.
The boulder beetle is severely wounded.
The boulder beetle bites you but does no damage.
There is a radiant altar of Vehumet here.
Casting: Stone Arrow (safe; 1% risk of failure)
Confirm with . or Enter, or press ? or * to list all spells.
Aiming: Stone Arrow (safe; 1% risk of failure)
Press: ? - help, Shift-Dir - straight line, f/p - boulder beetle
Aim: a boulder beetle (severely wounded, 100% to hit)
You feel a surge of power!
The stone arrow hits the boulder beetle!
The boulder beetle is almost dead.
The boulder beetle bites you!
The boulder beetle leaps!
Casting: Stone Arrow (safe; 1% risk of failure)
Confirm with . or Enter, or press ? or * to list all spells.
You can't see any susceptible monsters within range! (Use Z to cast anyway.) Unknown command.
The boulder beetle curls into a ball and begins rolling!
Casting: Stone Arrow (safe; 1% risk of failure)
Confirm with . or Enter, or press ? or * to list all spells.
You can't see any susceptible monsters within range! (Use Z to cast anyway.)
Casting: Stone Arrow (safe; 1% risk of failure)
Confirm with . or Enter, or press ? or * to list all spells.
Aiming: Stone Arrow (safe; 1% risk of failure)
Press: ? - help, Shift-Dir - straight line, f/p - boulder beetle
Aim: a boulder beetle (almost dead, rolling, 100% to hit)
You feel a surge of power!
The stone arrow hits the boulder beetle!
The boulder beetle is almost dead.
Unknown command.
The boulder beetle hits you!!!
Ouch! That really hurt!
You die...

*,#................##
*,#...........#.#...##
*,*.........#.....#..##
*,*##.###.....#.#.....#
*,*...,*#.#.........#.#
*,*..,,*#...#..°..#...#
*,*,,,,*#.#....°....#.#
*,*,,,,*#...#..B..#...#
*,*,,,,*#.#.....@...#.#
*,*,,,,*#.....#.#.....#
*,*,,,,*##..#.....#..##
*,***,***#....#.#....#
*,***+**#..#.........#
*,,,,,,,..*##*#####.##
*,,,,,,,,** *.#
*,,,,,,,,* **.#
*,,,,,,,,*********,,*


You could see a boulder beetle (rolling).

Vanquished Creatures
  Gastronok (D:8)
  A boulder beetle (D:11)
  13 hydras
  3 catoblepae (Lair:6)
  A death knight (D:12)
  2 two-headed ogres (D:12)
  4 death yaks (Lair:6)
  Urug (D:10)
  A deep elf knight (D:10)
  Nergalle (D:12)
  A skeletal warrior (D:12)
  4 bog bodies
  2 wizards
  An orc knight (D:10)
  A deep elf pyromancer (D:11)
  A wolf spider (Lair:4)
  3 cyclopes
  2 manticores (Lair:6)
  An ice statue (IceCv)
  Maurice (D:12)
  9 black mambas
  13 cane toads
  A gargoyle (D:11)
  A torpor snail (Lair:6)
  6 rime drakes
  14 komodo dragons
  An efreet (D:14)
  2 freezing wraiths (D:12)
  An anaconda simulacrum (IceCv)
  An entropy weaver simulacrum (IceCv)
  3 kobold demonologists
  3 ice devils (IceCv)
  2 trolls
  A polar bear (Lair:6)
  2 jumping spiders (Lair:4)
  A hornet (D:9)
  A meliai zombie (D:11)
  6 dream sheep (Lair:3)
  A redback (Lair:4)
  9 spriggans (D:8)
  2 wraiths (D:12)
  A vampire (D:12)
  5 wyverns
  A dire elephant simulacrum (IceCv)
  3 basilisks
  Grum (D:8)
  54 yaks
  2 steam dragons
  4 vampire mosquitoes (D:11)
  A death yak simulacrum (IceCv)
  5 acid dragons
  27 water moccasins
  3 sky beasts
  9 orc warriors
  3 ogres
  2 ice beasts
  5 black bears
  A necrophage (D:6)
  14 centaurs
  3 wolves (D:8)
  2 hornet zombies
  A kobold brigand (D:11)
  20 bullfrogs
  A wyvern zombie (D:7)
  3 two-headed ogre simulacra (IceCv)
  8 scorpions
  2 gnoll sergeants
  A cane toad simulacrum (IceCv)
  8 wights
  3 howler monkeys
  2 vampire bats (D:7)
  A bullfrog zombie (D:5)
  3 centaur zombies
  A jelly (Lair:5)
  2 centaur skeletons
  4 hounds
  16 orc priests
  A bullfrog skeleton (D:5)
  7 hell rats (Lair:5)
  2 iguanas
  13 orc wizards
  7 troll simulacra (IceCv)
  4 polar bear simulacra (IceCv)
  7 spriggan simulacra (IceCv)
  4 wolf simulacra (IceCv)
  A killer bee zombie (D:8)
  A centaur simulacrum (D:8)
  A hound skeleton (D:5)
  2 howler monkey zombies
  6 gnolls
  7 naga simulacra (IceCv)
  6 adders
  6 white imps
  3 ufetubi (IceCv)
  A worm (D:4)
  2 dart slugs
  56 orcs
  2 bats
  A bat skeleton (D:7)
  3 bat zombies (D:7)
  7 endoplasms
  3 giant cockroaches
  7 goblins
  2 hobgoblins
  10 jackals
  7 kobolds
  5 ball pythons
  11 frilled lizards
  7 rats
549 creatures vanquished.

Vanquished Creatures (collateral kills)
  A foxfire (IceCv)
1 creature vanquished.

Vanquished Creatures (others)
  A bush (D:10)
  176 foxfires
  4 fulminant prisms
  85 fungi
  96 plants
362 creatures vanquished.

Grand Total: 912 creatures vanquished

Notes
Turn   | Place    | Note
-------+----------+-------------------------------------------
     0 | D:1      | timneilson the Deep Elf Conjurer began the quest for the
                  | Orb.
     0 | D:1      | Reached XP level 1. HP: 10/10 MP: 6/6
   166 | D:1      | Reached XP level 2. HP: 15/15 MP: 5/8
   175 | D:1      | Learned a level 2 spell: Searing Ray
   667 | D:1      | Found a faded altar of an unknown god.
   948 | D:2      | Reached XP level 3. HP: 19/19 MP: 6/10
  1525 | D:2      | Reached skill level 4 in Spellcasting
  1833 | D:3      | Reached skill level 5 in Conjurations
  2088 | D:3      | Reached XP level 4. HP: 10/24 MP: 2/12
  2585 | D:4      | Noticed a centaur
  2707 | D:4      | Noticed a black bear
  2711 | D:4      | Reached XP level 5. HP: 28/28 MP: 7/14
  2715 | D:4      | Killed a black bear
  2716 | D:4      | Reached skill level 5 in Spellcasting
  2857 | D:4      | Learned a level 4 spell: Fulminant Prism
  2862 | D:4      | Learned a level 4 spell: Iskenderun's Mystic Blast
  3001 | D:4      | Reached XP level 6. HP: 32/32 MP: 7/16
  3090 | D:4      | Found a radiant altar of Vehumet.
  3119 | D:4      | Learned a level 3 spell: Stone Arrow
  3145 | D:4      | Became a worshipper of Vehumet
  3168 | D:4      | Reached skill level 1 in Hexes
  3758 | D:5      | Entered Level 5 of the Dungeon
  3767 | D:5      | Noticed a sky beast
  3796 | D:4      | Killed a sky beast
  3797 | D:4      | Reached skill level 6 in Spellcasting
  3797 | D:4      | Reached skill level 1 in Translocations
  3797 | D:4      | Reached skill level 1 in Earth Magic
  3797 | D:4      | Reached skill level 1 in Poison Magic
  3797 | D:4      | Reached XP level 7. HP: 19/37 MP: 0/18
  4029 | D:5      | Reached skill level 1 in Fighting
  4232 | D:5      | Reached skill level 1 in Evocations
  4285 | D:5      | Reached * piety under Vehumet
  4285 | D:5      | Offered knowledge of Freeze by Vehumet.
  4288 | D:5      | Learned a level 1 spell: Freeze
  4506 | D:5      | Reached XP level 8. HP: 43/43 MP: 13/20
  5138 | D:6      | Reached skill level 7 in Spellcasting
  5259 | D:6      | Reached skill level 5 in Stealth
  5259 | D:6      | Reached skill level 1 in Ice Magic
  5747 | D:6      | Reached skill level 5 in Dodging
  5749 | D:6      | Reached XP level 9. HP: 39/48 MP: 6/22
  5760 | D:6      | Identified the +5 war axe "Goblinbane" {vorpal, rF++ rC-}
  6002 | D:6      | Reached skill level 8 in Spellcasting
  6012 | D:6      | Learned a level 5 spell: Fireball
  6097 | D:6      | Found a staircase to the Ecumenical Temple.
  6516 | D:7      | Found an ancient bone altar of Kikubaaqudgha.
  6632 | D:7      | Reached skill level 1 in Fire Magic
  6704 | D:7      | Found a sacrificial altar of Ru.
  6838 | D:7      | Reached ** piety under Vehumet
  6838 | D:7      | Offered knowledge of Foxfire by Vehumet.
  6841 | D:7      | Learned a level 1 spell: Foxfire
  7010 | D:7      | Found a glowing silver altar of Zin.
  7540 | D:7      | Found a hide-covered altar of Uskayaw.
  7540 | D:7      | Found a snail-covered altar of Cheibriados.
  7546 | D:7      | Found a blossoming altar of Fedhas.
  7548 | D:7      | Found a hazy altar of Hepliaklqana.
  7549 | D:7      | Found a shadowy altar of Dithmenos.
  7716 | D:8      | Reached skill level 9 in Spellcasting
  7716 | D:8      | Reached XP level 10. HP: 55/55 MP: 9/25
  8015 | D:8      | Offered knowledge of Inner Flame by Vehumet.
  8387 | D:8      | Reached skill level 5 in Hexes
  8411 | D:8      | Noticed Grum
  8460 | D:8      | Killed Grum
  8660 | D:8      | Reached skill level 1 in Shields
  8864 | D:8      | Noticed Gastronok
  9059 | D:8      | Gained mutation: You are partially covered in iridescent
                  | scales. (AC +2) [potion of mutation]
  9063 | D:8      | Killed Gastronok
  9391 | D:8      | Found a runed translucent door.
  9393 | D:8      | Identified the +7 spear "Vabuli Citti" {spect, rC+ rN+}
  9395 | D:8      | Reached skill level 10 in Spellcasting
  9395 | D:8      | Noticed HuGe's ghost (journeyman HOBe)
 10001 | D:9      | Noticed a wizard
 10006 | D:9      | Reached *** piety under Vehumet
 10008 | D:9      | Killed a wizard
 10009 | D:9      | Reached XP level 11. HP: 55/60 MP: 6/27
 10259 | D:9      | Learned a level 5 spell: Lee's Rapid Deconstruction
 10279 | D:9      | Found a staircase to the Lair.
 10391 | D:9      | Offered knowledge of Flame Wave by Vehumet.
 10397 | D:9      | Learned a level 4 spell: Flame Wave
 10766 | D:9      | Reached skill level 5 in Poison Magic
 11324 | D:10     | Entered Level 10 of the Dungeon
 11424 | D:10     | Found a shimmering blue altar of Sif Muna.
 11467 | D:10     | Noticed a harpy
 11467 | D:10     | Noticed a deep elf knight
 11467 | D:10     | Noticed a deep elf archer
 11468 | D:10     | Found a runed translucent door.
 11470 | D:10     | Noticed a catoblepas
 11470 | D:10     | Noticed an orc knight
 11470 | D:10     | Noticed an ettin
 11470 | D:10     | Noticed a yaktaur captain
 11470 | D:10     | Noticed an ettin
 11649 | D:10     | Noticed a +10 great sword
 11650 | D:10     | Noticed a deep elf knight
 11651 | D:10     | Noticed a wizard
 11651 | D:10     | Noticed Urug
 11868 | Lair:1   | Entered Level 1 of the Lair of Beasts
 11903 | Lair:1   | Reached skill level 5 in Translocations
 12261 | Lair:1   | Reached skill level 5 in Earth Magic
 12361 | Lair:1   | Reached skill level 5 in Evocations
 12420 | Lair:1   | Reached **** piety under Vehumet
 12725 | Lair:1   | Offered knowledge of Hailstorm by Vehumet.
 12728 | Lair:1   | Reached skill level 11 in Spellcasting
 12728 | Lair:1   | Reached skill level 10 in Conjurations
 12919 | Lair:1   | Reached skill level 5 in Ice Magic
 13763 | Lair:2   | Noticed an eight-headed hydra
 13771 | Lair:2   | Found a frozen archway.
 13794 | IceCv    | Entered an ice cave
 14210 | IceCv    | Reached XP level 12. HP: 43/66 MP: 3/29
 14952 | IceCv    | Reached skill level 5 in Fire Magic
 15086 | IceCv    | Reached ***** piety under Vehumet
 15088 | IceCv    | Offered knowledge of Airstrike by Vehumet.
 15094 | IceCv    | Learned a level 4 spell: Airstrike
 15702 | Lair:2   | Found a burning altar of Makhleb.
 15812 | Lair:2   | Killed an eight-headed hydra
 15814 | Lair:2   | Reached skill level 1 in Air Magic
 15968 | Lair:2   | Reached skill level 12 in Spellcasting
 16967 | Lair:3   | Noticed a seven-headed hydra
 16971 | Lair:3   | Killed a seven-headed hydra
 17295 | Lair:3   | Noticed a five-headed hydra
 17316 | Lair:3   | Killed a five-headed hydra
 17518 | Lair:3   | Reached skill level 5 in Fighting
 17797 | Lair:3   | Reached XP level 13. HP: 72/72 MP: 17/31
 18402 | Lair:4   | Reached skill level 13 in Spellcasting
 18881 | Lair:4   | Identified the +6 flail of Midsummer {spect, rF- Str+5}
 19056 | Lair:4   | Found a staircase to the Swamp.
 19204 | Lair:4   | Reached skill level 1 in Armour
 19550 | Lair:4   | Identified the +9 rapier of Kivaim {vorpal, Str+4 Int+3}
 19700 | Lair:4   | Found a hole to the Spider Nest.
 20073 | Lair:5   | Found a staircase to the Slime Pits.
 20245 | Lair:5   | Offered knowledge of Olgreb's Toxic Radiance by Vehumet.
 20551 | Lair:5   | You fall into a shaft and drop 1 floor!
 20551 | Lair:6   | Entered Level 6 of the Lair of Beasts
 21673 | Lair:6   | Identified the +0 pair of gloves of Veamyerph {rN+ Int+2}
 22130 | Lair:6   | Identified the +7 shortbow of Sin {vorpal, Dex+4}
 22844 | Lair:6   | Reached skill level 14 in Spellcasting
 22844 | Lair:6   | Reached XP level 14. HP: 79/79 MP: 22/34
 24422 | D:10     | Killed Urug
 24423 | D:10     | Reached skill level 5 in Shields
 25469 | D:11     | Offered knowledge of Lightning Bolt by Vehumet.
 27264 | D:12     | Found Ufixtof's Book Emporium.
 27412 | D:12     | Found a staircase to the Orcish Mines.
 27447 | D:12     | Noticed Nergalle
 27462 | D:12     | Reached skill level 10 in Dodging
 27462 | D:12     | Reached skill level 5 in Air Magic
 27472 | D:12     | Killed Nergalle
 27698 | D:12     | Noticed Maurice
 27701 | D:12     | Killed Maurice
 28174 | D:12     | You fall into a shaft and drop 2 floors!
 28259 | D:14     | Found a radiant altar of Vehumet.
 28276 | D:14     | Slain by a boulder beetle

Illustrated notes

Levels and vault maps discovered:
D:1:      kennysheep_arrival_seaside, layout_rooms,
          shapermc_ecumenical_altar_flowoftime
D:2:      layout_basic, nrook_loot_triangle, minivault_5, minmay_lizard_king
D:3:      layout_rooms
D:4:      layout_basic, amcnicky_altar_gilded
D:5:      layout_cave_pools
D:6:      layout_gridville, minmay_temple_entry_trees, grunt_ministairs_4
D:7:      layout_basic, kennysheep_vampire_church,
          lemuel_coloured_pillars_altar, zin_statuary,
          chequers_temple_overflow_minitemple, skrybe_limestone_x,
          minmay_quadrilaterals
D:8:      kb_forest_paths, layout_basic, ebering_ghost_funeral_grove,
          kennysheep_just_a_vault, uniq_grum, uniq_gastronok
D:9:      minmay_goldmine, layout_rooms, due_lair_maze_entry_diamond,
          st_stairs_3, wad_floor_pattern_1, minivault_11
D:10:     minmay_gate_of_8, layout_stronghold, mainiacjoe_overflow_tiny_flanked,
          corexii_corridor_pit, minmay_strange_pillars,
          kb_lookout_dungeons_type, sword_in_stone
D:11:     layout_long_grid, grunt_potential
D:12:     layout_rooms, hiddenorc2_lemuel, serial_shops, shop,
          serial_bayou_pond_a, uniq_nergalle, uniq_maurice
D:14:     kennysheep_four_of_diamonds, layout_basic, david_vaults_3,
          chequers_serial_rivers_small_b, nicolae_vehumet_radiance, uniq_nessos
Lair:1:   layout_cave_pods, grunt_megastairs_5, serial_bayou_shore_b,
          serial_bayou_shore_b
Lair:2:   layout_regular_city, basic_altar, portal_ice_cave_entry_pillars_2
Lair:3:   layout_roguey, grunt_megastairs_1
Lair:4:   cheibrodos_lair_river_kwai, layout_regular_city,
          skrybe_swamp_entry_bodies, spider_nest_entry_funnel_web,
          grunt_megastairs_3
Lair:5:   layout_cave_pods, nicolae_slime_entry_slimehenge
Lair:6:   evilmike_catoblepas_cave, layout_loops_ring

Skill      XL: |  1  2  3  4  5  6  7  8  9 10 11 12 13 14 |
---------------+-------------------------------------------+-----
Stealth        | 3 4 5 6 7 |  7.6
Spellcasting   | 4 5 6 7 9 10 11 12 14 | 14.9
Conjurations   | 5 6 7 8 9 10 11 12 13 | 13.2
Dodging        | 3 4 5 6 7 8 9 10 | 10.1
Hexes          | 1 2 3 4 5 |  5.0
Translocations | 1 2 3 4 5 |  5.0
Earth Magic    | 1 2 3 4 5 6 7 8 |  8.2
Poison Magic   | 1 2 3 4 5 |  5.0
Fighting       | 1 2 3 4 5 6 |  6.3
Evocations     | 1 2 3 4 5 6 7 8 |  8.3
Ice Magic      | 2 3 4 5 |  5.0
Fire Magic     | 2 3 4 5 |  5.0
Shields        | 1 2 3 4 5 |  5.3
Air Magic      | 2 4 5 |  5.0
Armour         | 2 3 |  3.4

Action                   |  1- 3 |  4- 6 |  7- 9 | 10-12 | 13-15 || total
-------------------------+-------+-------+-------+-------+-------++-------
Melee: Staff             |       |     2 |       |     6 |       ||     8
 Cast: Magic Dart        |    68 |    38 |    47 |    46 |    47 ||   246
       Searing Ray       |     4 |    17 |    13 |    13 |    14 ||    61
       Stone Arrow       |       |       |    83 |   236 |   381 ||   700
       Iskenderun's Myst |       |       |     2 |    26 |    22 ||    50
       Fireball          |       |       |       |    22 |    24 ||    46
       Foxfire           |       |       |       |   108 |     6 ||   114
       Fulminant Prism   |       |       |       |     4 |       ||     4
       Flame Wave        |       |       |       |     3 |     2 ||     5
       Airstrike         |       |       |       |       |     3 ||     3
       Lee's Rapid Decon |       |       |       |       |     2 ||     2
Evoke: Wand              |       |       |       |     4 |       ||     4
  Use: Scroll            |     5 |     1 |     8 |     8 |    10 ||    32
       Potion            |       |       |       |    15 |     3 ||    18
Armor: Robe              |     2 |     7 |     9 |    30 |    30 ||    78
       Acid dragon scale |       |       |       |       |    12 ||    12
       Skin              |       |       |       |       |     1 ||     1
Dodge: Dodged            |     3 |    13 |    25 |   102 |   104 ||   247
Block: Buckler           |       |       |       |    44 |    23 ||    67

Table legend: (Time is in decaauts)
 A = Elapsed time spent in this place.
 B = Non-inter-level travel time spent in this place.
 C = Inter-level travel time spent in this place.
 D = Time resting spent in this place.
 E = Time spent auto-exploring this place.
 F = Levels seen in this place.
 G = Mean time per level.
                   A        B        C        D        E       F      G
               +--------+--------+--------+--------+--------+-----+--------+
         Total |  28368 |  27361 |   1007 |   3788 |  18563 |  20 | 1418.4 |
       Dungeon |  16147 |  15607 |    540 |   1972 |  10889 |  13 | 1242.1 |
          Lair |  10305 |   9839 |    466 |   1053 |   7173 |   6 | 1717.5 |
      Ice Cave |   1915 |   1915 |      0 |    762 |    500 |   1 | 1915.0 |
               +--------+--------+--------+--------+--------+-----+--------+

Top non-repeatable levels by time:
  Lair:6: 2562 daAuts
     D:8: 2289 daAuts
    D:11: 2182 daAuts
   IceCv: 1915 daAuts
  Lair:1: 1744 daAuts
     D:9: 1699 daAuts
  Lair:5: 1634 daAuts
  Lair:4: 1627 daAuts
     D:7: 1473 daAuts
    D:10: 1456 daAuts
  Lair:2: 1456 daAuts
  Lair:3: 1280 daAuts
     D:4: 1238 daAuts
     D:5: 1211 daAuts
     D:6: 1194 daAuts
